 Dungeon Crawl Stone Soup version 0.21.0-3-g78d12a8 (webtiles) character file.

6231 MTVSty1e the Cleaver (level 11, 0/81 (85) HPs)
             Began as a Formicid Fighter on Jan 10, 2018.
             Was a Priest of Okawaru.
             Slain by Snorg (25 damage)
             ... on level 10 of the Dungeon.
             The game lasted 00:17:55 (9694 turns).

MTVSty1e the Cleaver (Formicid Fighter)             Turns: 9694, Time: 00:17:56

HP:   0/81 (85)     AC: 14    Str: 24    XL:     11   Next: 14%
MP:   13/14         EV: 13    Int:  8    God:    Okawaru [***...]
Gold: 90            SH: 11    Dex: 10    Spells: 10/10 levels left

rFire    . . .     SeeInvis +   a - +0 war axe
rCold    . . .     Gourm    .   c - +0 shield
rNeg     . . .     Faith    .   r - +0 acid dragon scales
rPois    +         Spirit   .   (helmet unavailable)
rElec    .         Reflect  .   s - +2 cloak
rCorr    +         Harm     .   x - +1 pair of gloves
MR       ++...                  (no boots)
Stlth    ++........             o - amulet of magic regeneration
HPRegen  0.23/turn              e - ring of poison resistance
MPRegen  0.39/turn              h - ring of protection from magic

@: heroism
A: permanent stasis, dig shafts and tunnels, four strong arms, antennae 3
a: Dig, Shaft Self, Heroism, Renounce Religion


You were on level 10 of the Dungeon.
You worshipped Okawaru.
Okawaru was most pleased with you.
You were not hungry.

You visited 2 branches of the dungeon, and saw 11 of its levels.

You collected 315 gold pieces.
You spent 225 gold pieces at shops.

Inventory:

Hand Weapons
 a - a +0 war axe (weapon)
 v - a +2 dire flail of protection
Armour
 b - a +1 scale mail
 c - a +0 shield (worn)
 d - a +0 plate armour
 r - +0 acid dragon scales (worn)
 s - a +2 cloak (worn)
 w - a +1 pair of gloves of archery
 x - a +1 pair of gloves (worn)
Jewellery
 e - a ring of poison resistance (left hand)
 g - a +2 ring of protection
 h - a ring of protection from magic (right hand)
 l - a +4 ring of evasion
 o - an amulet of magic regeneration (around neck)
Wands
 q - a wand of iceblast (4)
Scrolls
 i - a scroll of enchant armour
 k - 6 scrolls of remove curse
 m - a scroll of fog
 n - a scroll of identify
Potions
 j - a potion of curing {unknown}
 t - 2 potions of brilliance
 u - a potion of invisibility
 z - 2 potions of ambrosia
 A - a potion of resistance {unknown}
Books
 p - a book of Transfigurations

   Spells                             Type                      Level
   a - Irradiate                      Conjuration/Transmutation    5
   b - Statue Form                    Transmutation/Earth          6
   c - Hydra Form                     Transmutation                6
   d - Dragon Form                    Transmutation                7
Comestibles
 f - 9 rations


   Skills:
 * Level 7.7(12.7) Fighting
 * Level 13.3(18.3) Axes
 + Level 5.6(10.6) Armour
 - Level 3.6(8.6) Shields
 + Level 4.7 Invocations


You had 10 spell levels left.
You didn't know any spells.

Dungeon Overview and Level Annotations

Branches:
Dungeon (10/15)            Temple (1/1) D:7            Lair (0/6) D:9
    Orc: D:9-12

Altars:
Ashenzari
Dithmenos
Fedhas
Kikubaaqudgha
Okawaru
Qazlal
Ru
Sif Muna
Trog
Uskayaw
Vehumet
Wu Jian
Xom
Yredelemnul
Zin
The Shining One

Shops:
D:4 }   D:8 *[%**

Annotations:
D:10 Snorg


Innate Abilities, Weirdness & Mutations

You cannot be hasted, slowed, berserked, paralysed or teleported.
You can dig through walls and to a lower floor.
Your four strong arms can wield two-handed weapons with a shield.
You have a pair of large antennae on your head. (SInv)


Message History

You sense a monster nearby.
Snorg the Insatiable comes into view.
Snorg shouts!
You hear a shout!
Snorg goes berserk!
Snorg is nearby!
You slash Snorg!
Snorg is lightly wounded.
You block Snorg's attack. Snorg claws you. x2
You closely miss Snorg.
Snorg is lightly wounded.
Snorg bites you!! Snorg barely misses you. x2
A troll comes into view.
Okay, then.
You gain the combat prowess of a mighty hero.
Snorg bites you!
You block Snorg's attack. x2; Snorg bites you!
Snorg claws you but does no damage. x2
You barely miss Snorg.
Snorg is lightly wounded.
Snorg bites you!!
You die...

##########
#.@T..T...
#.#####...
#.# #.#
#.# #.#
#.# #.#
#.#


You could see Snorg (berserk) and a troll.

Vanquished Creatures
  Grinder (D:5)
  2 hippogriffs
  4 hogs (D:7)
  Eustachio (D:4)
  2 hungry ghosts
  A human (D:7)
  An acid dragon (D:8)
  Edmund (D:6)
  A water moccasin (D:8)
  A porcupine (D:9)
  2 ice beasts
  2 orc warriors (D:6)
  A phantom (D:9)
  3 black bears (D:9)
  2 sky beasts
  An eye of draining (D:10)
  6 necrophages
  3 ogres
  A centaur (D:6)
  2 crocodiles (D:9)
  5 bullfrogs
  6 scorpions
  3 killer bees (D:9)
  A water moccasin skeleton (D:5)
  A howler monkey (D:9)
  5 wights
  4 crimson imps
  A quasit (D:8)
  A centaur zombie (D:5)
  5 hounds
  A centaur skeleton (D:6)
  A jelly (D:5)
  An orc priest (D:7)
  Jessica (D:3)
  3 iguanas
  3 orc wizards
  8 worker ants
  2 hound zombies
  2 mummies (D:8)
  2 howler monkey skeletons
  2 worker ant zombies (D:5)
  8 adders
  2 shadow imps
  2 worms
  4 dart slugs
  The ghost of tidbits the Magician, a weakling VSWz (D:4)
  8 leopard geckos
  27 orcs
  3 giant cockroaches
  10 goblins
  9 hobgoblins
  12 jackals
  10 kobolds
  4 quokkas
  A ball python (D:5)
  5 bats
  7 frilled lizards
  A jackal zombie (D:5)
  A leopard gecko skeleton (D:5)
  A quokka skeleton (D:5)
  A quokka zombie (D:8)
  5 rats
  A spectral orc (D:6)
219 creatures vanquished.

Vanquished Creatures (others)
  A bat (D:3)
  A goblin (D:3)
  A rat (D:3)
3 creatures vanquished.

Grand Total: 222 creatures vanquished

Notes
Turn   | Place    | Note
-------+----------+-------------------------------------------
     0 | D:1      | MTVSty1e the Formicid Fighter began the quest for the Orb.
     0 | D:1      | Reached XP level 1. HP: 18/18 MP: 1/1
    54 | D:1      | Reached XP level 2. HP: 15/24 MP: 2/2
   255 | D:1      | Reached skill level 3 in Axes
   315 | D:1      | Reached XP level 3. HP: 24/29 MP: 3/3
   887 | D:2      | Reached skill level 4 in Axes
   887 | D:2      | Reached XP level 4. HP: 29/35 MP: 4/4
  1804 | D:3      | Reached XP level 5. HP: 41/41 MP: 5/5
  1933 | D:3      | Noticed Jessica
  1939 | D:3      | Killed Jessica
  1939 | D:3      | Reached skill level 5 in Axes
  2309 | D:4      | You fall through a shaft!
  2309 | D:5      | Entered Level 5 of the Dungeon
  2340 | D:5      | Reached XP level 6. HP: 28/47 MP: 6/6
  2354 | D:5      | Reached skill level 6 in Axes
  2600 | D:4      | Noticed Eustachio
  2660 | D:4      | Killed Eustachio
  2660 | D:4      | Reached skill level 7 in Axes
  2660 | D:4      | Reached XP level 7. HP: 42/52 MP: 7/7
  2869 | D:4      | Noticed tidbits's ghost (weakling VSWz)
  2880 | D:4      | Killed tidbits's ghost
  2995 | D:4      | HP: 1/52 [ogre/giant club (21)]
  2996 | D:4      | Reached skill level 8 in Axes
  3547 | D:4      | Found Evene's Gadget Emporium.
  3635 | D:5      | Reached XP level 8. HP: 58/58 MP: 8/8
  3780 | D:5      | Reached skill level 9 in Axes
  3923 | D:5      | Noticed Grinder
  3958 | D:5      | Killed Grinder
  4165 | D:5      | Reached skill level 10 in Axes
  4702 | D:6      | Found a basalt altar of Yredelemnul.
  4844 | D:6      | Reached XP level 9. HP: 27/64 MP: 9/9
  5140 | D:6      | Noticed Edmund
  5151 | D:6      | Killed Edmund
  5151 | D:6      | Reached skill level 11 in Axes
  5867 | D:7      | Noticed a hippogriff
  5880 | D:7      | Killed a hippogriff
  5880 | D:7      | Reached skill level 5 in Fighting
  5951 | D:7      | Found a staircase to the Ecumenical Temple.
  6313 | D:7      | Reached skill level 12 in Axes
  6351 | Temple   | Entered the Ecumenical Temple
  6430 | Temple   | Became a worshipper of Warmaster Okawaru
  6571 | D:7      | Reached XP level 10. HP: 68/76 MP: 10/10
  6883 | D:7      | Reached skill level 1 in Invocations
  6897 | D:7      | Reached * piety under Okawaru
  7350 | D:8      | Found Timoo's General Store.
  7444 | D:8      | Reached ** piety under Okawaru
  7841 | D:8      | Found Tyge's Antique Armour Shoppe.
  7844 | D:8      | Bought a pair of embroidered gloves for 225 gold pieces
  7895 | D:8      | Reached skill level 5 in Armour
  8040 | D:8      | Found Radgh's General Store.
  8094 | D:8      | Found Nalo's Food Boutique.
  8242 | D:8      | Found Deit's Island Escapes.
  8367 | D:9      | Reached skill level 13 in Axes
  8881 | D:9      | Reached XP level 11. HP: 51/80 MP: 14/14
  8973 | D:9      | Found a staircase to the Lair.
  9506 | D:10     | Entered Level 10 of the Dungeon
  9524 | D:10     | Reached *** piety under Okawaru
  9689 | D:10     | Noticed Snorg
  9694 | D:10     | Slain by Snorg

Skill      XL: |  1  2  3  4  5  6  7  8  9 10 |
---------------+-------------------------------+-----
Axes           | 3 4 5 7 8 10 12 13 | 13.3
Fighting       | 5 7 |  7.7
Invocations    | 4 |  4.7
Armour         | 5 |  5.6
Shields        | |  3.6

Action                   |  1- 3 |  4- 6 |  7- 9 | 10-12 || total
-------------------------+-------+-------+-------+-------++-------
Melee: War axe           |   115 |   233 |   333 |   298 ||   979
Invok: Heroism           |       |       |       |     2 ||     2
  Use: Potion            |       |     1 |       |     4 ||     5
       Scroll            |       |       |     7 |     7 ||    14
  Eat: Ration            |       |     2 |     5 |     3 ||    10
       Chunk             |       |     1 |     2 |       ||     3
Armor: Scale mail        |    64 |   117 |   110 |    68 ||   359
       Acid dragon scale |       |       |       |    70 ||    70
       Plate armour      |       |       |       |    34 ||    34
Dodge: Dodged            |    36 |    82 |    88 |   110 ||   316
Block: Shield            |    68 |   138 |   125 |   163 ||   494
